 Dungeon Crawl Stone Soup version 0.29.0-4-gdea44cf6ec (webtiles) character file.

Game seed: 17982512816991558384

93547 qw the Peltast (level 15, -6/211 HPs)
             Began as a Minotaur Berserker on Sept 7, 2022.
             Was a High Priest of Trog.
             Killed by mirror damage (17 damage)
             ... on level 15 of the Dungeon.
             The game lasted 00:09:20 (29705 turns).

qw the Peltast (Minotaur Berserker)                Turns: 29705, Time: 00:09:21

Health: -6/211     AC: 32    Str: 28    XL:     15   Next: 61%
Magic:  0/14       EV: 13    Int:  4    God:    Trog [*****.]
Gold:   744        SH: 20    Dex: 11    Spells: 14/14 levels left

rFire   . . .      SeeInvis .   Y - +2 broad axe (protect)
rCold   . . .      Faith    .   j - +0 tower shield
rNeg    . . .      Spirit   +   m - +0 plate armour
rPois   +          Reflect  .   (helmet restricted)
rElec   .          Harm     .   c - +2 cloak
rCorr   .          Rampage  .   p - +1 Delatra's gloves {ID++}
Will    +....                   u - +1 pair of boots
Stlth   ..........              t - amulet of guardian spirit
HPRegen 0.45/turn               w - ring of poison resistance
MPRegen 0.14/turn               v - +4 ring of evasion

@: berserking, lethally poisoned (-6 -> -10), under a protective aura, very
quick
A: horns 2, retaliatory headbutt
a: Renounce Religion, Berserk, Trog's Hand, Brothers in Arms


You were on level 15 of the Dungeon.
You worshipped Trog.
Trog was extremely pleased with you.
You visited 2 branches of the dungeon, and saw 20 of its levels.

You collected 2121 gold pieces.
You spent 1377 gold pieces at shops.


Innate Abilities, Weirdness & Mutations

You have a pair of horns on your head.
You reflexively headbutt those who attack you in melee.


   Skills:
 + Level 15.4 Fighting
 - Level 18.0 Axes
 - Level 3.3 Throwing
 - Level 14.0 Armour
 - Level 6.1 Dodging
 - Level 18.8 Shields


You had 14 spell levels left.
You didn't know any spells.
Your spell library was empty.

Inventory:

Hand Weapons
 Y - a +2 broad axe of protection (weapon)
Missiles
 g - 4 boomerangs (quivered)
Armour
 c - a +2 cloak (worn)
 j - a +0 tower shield (worn)
 m - a +0 plate armour (worn)
 o - +0 fire dragon scales
 p - the +1 Delatra's gloves (worn) {ID++}
   (You found it on level 5 of the Dungeon)

   It heals its wearer when they drink unknown potions.
   It restores its wearer's MP when they read unknown scrolls.
 u - a +1 pair of boots (worn)
 x - a +2 chain mail of poison resistance
Jewellery
 l - a ring of fire
 n - a ring of fire
 q - a +6 ring of strength
 t - an amulet of guardian spirit (around neck)
 v - a +4 ring of evasion (right hand)
 w - a ring of poison resistance (left hand)
Scrolls
 b - 9 scrolls of identify
 i - 7 scrolls of teleportation
Potions
 a - 2 potions of heal wounds
 d - 3 potions of resistance
 e - 4 potions of mutation
 h - 3 potions of haste
 k - 4 potions of curing

Dungeon Overview and Level Annotations

Branches:
Dungeon (15/15)            Temple (0/1) D:5            Lair (5/5) D:11
  Swamp (0/4) Lair:3        Snake (0/4) Lair:2        Slime (0/5) Lair:5
    Orc (0/2) D:12         Vaults (0/5) D:14
 Depths: D:15

Altars:
Ashenzari
Cheibriados
Dithmenos
Fedhas
Kikubaaqudgha
Makhleb
Qazlal
Sif Muna
Trog
Uskayaw
Vehumet
Wu Jian
Xom
Yredelemnul
Zin
Jiyva
Lugonu

Shops:
D:3 *?([[   D:6 (   D:12 =[:*

Portals:
Abyss: Lair:5
Trove: D:13 (give +6 demon trident)

Annotations:
D:4 1 runed translucent door, qw's ghost, amateur BaCK
D:6 3 runed translucent doors, qw's ghost, novice FoCA; qw's ghost, novice MiBe
Lair:2 3 runed translucent doors, qw's ghost, journeyman GrFi


Message History

You chop one of the seven-headed hydra's heads off!
The six-headed hydra grows two more!
You slash the eight-headed hydra! You slice the cyclops!!
You barely miss the 18-headed hydra. You block the 18-headed hydra's attack.
The 18-headed hydra bites you but does no damage.
You block the 18-headed hydra's attack.
The 18-headed hydra bites you but does no damage. x2
The 18-headed hydra closely misses you.
The 18-headed hydra bites you but does no damage. x2
You block the 18-headed hydra's attack. x3
The 18-headed hydra barely misses you. The 18-headed hydra misses you.
The 18-headed hydra bites you but does no damage.
The 18-headed hydra bites you.
The 18-headed hydra bites you but does no damage.
The 18-headed hydra bites you!
The 18-headed hydra bites you but does no damage.
The death knight hits you but does no damage.
You slice the cyclops!!
You kill the cyclops!
Trog accepts your kill.
You slash the death knight!
You hack one of the eight-headed hydra's heads off!
The seven-headed hydra grows two more!
You slash the nine-headed hydra!
You slice one of the 18-headed hydra's heads off!
The 17-headed hydra grows two more!
You slice the 19-headed hydra!!
The death knight reflects your damage back at you!
You feel sick. The nine-headed hydra bites you!
The nine-headed hydra bites you but does no damage. x3
You block the nine-headed hydra's attack.
The nine-headed hydra bites you.
The nine-headed hydra closely misses you. x2
You block the nine-headed hydra's attack.
You carve the death knight like a ham!!!
You kill the death knight!
Trog accepts your kill.
You hack one of the nine-headed hydra's heads off!
The eight-headed hydra grows two more!
You slash the ten-headed hydra! You slash the centaur warrior!
You barely miss the 19-headed hydra.
Your damage is reflected back at you!
You die...

#..<...
###?./###[.(##
###..##
#..#..#..#..# #..#
.###.?.###..###
#..#
.#l.#..#..##.###..#
.z###0..##.......##
Hc#.0###.#.###...#
#)D.##..<..# #.#.#
##@c'####.### #.#.#
#))D..# #.# #.#.#
###.### #.# #....
#.# #.# ####. #.#
#.# #. #.# #.# #.
#.#####.### #.
#.........######.
#######.....)...<


You could see a 19-headed hydra, a ten-headed hydra, a skeletal warrior, a
centaur warrior, a manticore, a yaktaur and a basilisk.

Vanquished Creatures
  Frances (D:14)
  A stone giant (D:14)
  3 ettins (D:14)
  Josephine (Lair:3)
  A fire dragon (D:12)
  6 hydras
  A catoblepas (D:14)
  A boulder beetle (D:13)
  2 death knights (D:15)
  3 two-headed ogres
  6 centaur warriors
  4 tengu warriors
  A deep troll earth mage (D:12)
  3 thrashing horrors (Lair:5)
  A sixfirhy (D:13)
  A large abomination (Lair:5)
  11 ugly things
  6 deep elf pyromancers
  15 cyclopes
  A manticore (D:13)
  Maurice (D:8)
  A will-o-the-wisp (Lair:3)
  20 elephants
  A rust devil (D:13)
  3 smoke demons
  2 black mambas
  A torpor snail (Lair:4)
  13 cane toads
  4 orange demons (D:13)
  A cane toad (shapeshifter) (D:12)
  9 komodo dragons
  4 kobold demonologists
  A freezing wraith (D:11)
  4 rime drakes
  A tengu conjurer (D:13)
  An unseen horror (D:12)
  A red devil (D:13)
  3 ancient zymes (Lair:5)
  3 trolls
  An ice devil (D:13)
  A queen bee (D:10)
  3 meliai (D:12)
  A wolf spider simulacrum (D:15)
  3 polar bears
  A hornet (D:8)
  Grinder (D:3)
  21 dream sheep
  24 blink frogs
  8 slime creatures
  A jumping spider (shapeshifter) (D:13)
  Sigmund (D:2)
  A centaur simulacrum (D:12)
  2 shadows
  4 wyverns
  4 ynoxinuls
  A spriggan (Lair:5)
  40 yaks
  4 wraiths
  5 basilisks
  A basilisk (shapeshifter) (D:13)
  4 chaos spawn
  2 steam dragons (D:8)
  4 nagas (Lair:2)
  9 small abominations (Lair:5)
  2 wargs (D:14)
  3 acid dragons
  15 water moccasins
  2 ice beasts
  8 orc warriors
  2 sky beasts (D:8)
  8 ogres
  5 boggarts
  5 black bears
  15 wolves
  10 centaurs
  12 kobold brigands
  2 gnoll sergeants
  15 bullfrogs
  2 necrophages
  A scorpion (D:5)
  3 wights (D:8)
  33 killer bees
  A howler monkey (D:9)
  An electric eel (Lair:3)
  3 hounds
  5 jellies
  8 orc priests
  A gnoll bouda (D:8)
  3 iguanas
  20 orc wizards
  Robin (D:3)
  15 gnolls
  10 adders
  2 shadow imps
  2 worms
  3 dart slugs (D:1)
  52 orcs
  A bat (D:2)
  7 endoplasms
  4 giant cockroaches
  17 goblins
  12 hobgoblins
  9 jackals
  52 kobolds
  6 quokkas
  4 ball pythons
  3 frilled lizards (D:1)
  6 rats
681 creatures vanquished.

Vanquished Creatures (collateral kills)
  A boulder beetle (Lair:5)
  A sun demon (D:13)
  A deep troll (D:14)
  A cane toad (Lair:3)
  2 kobold demonologists
  An efreet (D:13)
  2 kobold brigands (D:11)
9 creatures vanquished.

Vanquished Creatures (others)
  A goblin (D:3)
  4 demonic plants (D:13)
  A foxfire (Lair:3)
  25 fungi
  82 plants
  5 withered plants (D:6)
118 creatures vanquished.

Grand Total: 808 creatures vanquished

Notes
Turn   | Place    | Note
-------+----------+-------------------------------------------
     0 | D:1      | qw the Minotaur Berserker began the quest for the Orb.
     0 | D:1      | Reached XP level 1. HP: 19/19 MP: 0/0
     0 | D:1      | 0 ||| qw: Version: 0.1-a-108-g9e35731
     0 | D:1      | 0 ||| qw: Game counter: 6429
     0 | D:1      | 0 ||| qw: Always use a shield: true
     0 | D:1      | 0 ||| qw: Do Orc after D:15 true
     0 | D:1      | 0 ||| qw: Do second Lair branch before Depths: true
     0 | D:1      | 0 ||| qw: Lair rune preference: random
     0 | D:1      | 0 ||| qw: Plans: Normal
     0 | D:1      | 0 ||| PLANNING D:1-11
     9 | D:1      | 9 ||| Stepping ~*~*~tactically~*~*~ (stealth).
    11 | D:1      | 11 ||| Stepping ~*~*~tactically~*~*~ (stealth).
    13 | D:1      | 13 ||| Stepping ~*~*~tactically~*~*~ (hiding).
    84 | D:1      | Reached XP level 2. HP: 26/26 MP: 1/1
   168 | D:1      | Found a faded altar of an unknown god.
   202 | D:1      | 202 ||| Stepping ~*~*~tactically~*~*~ (stealth).
   204 | D:1      | 204 ||| Stepping ~*~*~tactically~*~*~ (stealth).
   255 | D:1      | 255 ||| Stepping ~*~*~tactically~*~*~ (hiding).
   260 | D:1      | 260 ||| Stepping ~*~*~tactically~*~*~ (stealth).
   268 | D:1      | Reached ** piety under Trog
   300 | D:1      | 300 ||| Stepping ~*~*~tactically~*~*~ (stealth).
   303 | D:1      | 303 ||| Stepping ~*~*~tactically~*~*~ (stealth).
   304 | D:1      | 304 ||| Stepping ~*~*~tactically~*~*~ (stealth).
   314 | D:1      | Reached XP level 3. HP: 29/31 MP: 2/2
   331 | D:1      | 331 ||| Stepping ~*~*~tactically~*~*~ (stealth).
   332 | D:1      | 332 ||| Stepping ~*~*~tactically~*~*~ (stealth).
   401 | D:1      | 401 ||| Stepping ~*~*~tactically~*~*~ (stealth).
   405 | D:1      | 405 ||| Stepping ~*~*~tactically~*~*~ (stealth).
   409 | D:1      | 409 ||| Stepping ~*~*~tactically~*~*~ (stealth).
   412 | D:1      | 412 ||| Stepping ~*~*~tactically~*~*~ (stealth).
   424 | D:1      | 424 ||| Stepping ~*~*~tactically~*~*~ (stealth).
   663 | D:1      | 663 ||| Stepping ~*~*~tactically~*~*~ (stealth).
   665 | D:1      | 665 ||| Stepping ~*~*~tactically~*~*~ (stealth).
   667 | D:1      | 667 ||| Stepping ~*~*~tactically~*~*~ (stealth).
   732 | D:1      | 732 ||| Stepping ~*~*~tactically~*~*~ (stealth).
   771 | D:1      | 771 ||| SWAPPING to +1 hand axe of flaming.
   772 | D:1      | 772 ||| DROPPING +0 hand axe.
   773 | D:1      | 773 ||| DROPPING +0 club.
   803 | D:1      | 803 ||| UPGRADING to +0 pair of gloves.
   808 | D:1      | 808 ||| UPGRADING to +0 chain mail.
   818 | D:1      | 818 ||| DROPPING +0 animal skin.
   819 | D:1      | 819 ||| READING scroll labelled PENEKY ARROSI.
   820 | D:1      | 820 ||| READING 2 scrolls labelled ESCHUK DIMYMM.
   821 | D:1      | 821 ||| READING scroll of enchant weapon.
   821 | D:1      | 821 ||| ENCHANTING +2 hand axe of flaming.
   822 | D:1      | 822 ||| READING scroll labelled PIPIDU DIUP.
   823 | D:1      | 823 ||| READING scroll labelled OCAURA IROMOY.
   824 | D:1      | 824 ||| READING scroll labelled NOZEVELA BECUA.
   825 | D:1      | 825 ||| DRINKING 2 viscous orange potions.
   826 | D:1      | 826 ||| DROPPING potion of flight.
   827 | D:1      | 827 ||| Stepping randomly (stuck).
   828 | D:1      | 828 ||| Stepping ~*~*~tactically~*~*~ (cloud).
   836 | D:1      | HP: 7/31 [poisoned by you (poison gas)]
  1149 | D:2      | 1149 ||| Stepping ~*~*~tactically~*~*~ (stealth).
  1315 | D:2      | Reached XP level 4. HP: 39/39 MP: 3/3
  1330 | D:2      | Reached skill level 6 in Axes
  1370 | D:2      | Found a stormy altar of Qazlal.
  1415 | D:2      | Noticed Sigmund
  1416 | D:2      | 1416 ||| INVOKING Berserk.
  1419 | D:2      | Killed Sigmund
  1420 | D:2      | Reached XP level 5. HP: 45/45 MP: 4/4
  2095 | D:2      | 2095 ||| UPGRADING to +0 cloak.
  2100 | D:2      | 2100 ||| READING scroll labelled JOXEBBOIG.
  2104 | D:2      | 2104 ||| READING 2 scrolls labelled XIARAR NOSAU.
  2245 | D:2      | 2245 ||| READING scroll labelled WIOSTR UCIYWN.
  2246 | D:2      | 2246 ||| READING scroll labelled TIMPON XEPIEH.
  2247 | D:2      | 2247 ||| DRINKING 2 smoky inky potions.
  2248 | D:2      | 2248 ||| DROPPING potion of degeneration.
  2249 | D:2      | 2249 ||| DROPPING scroll of torment.
  2273 | D:3      | 2273 ||| Stepping ~*~*~tactically~*~*~ (stealth).
  2274 | D:3      | 2274 ||| Stepping ~*~*~tactically~*~*~ (stealth).
  2302 | D:3      | Noticed Grinder
  2303 | D:3      | Paralysed by Grinder for 4 turns
  2307 | D:3      | 2307 ||| INVOKING Trog's Hand.
  2310 | D:3      | 2310 ||| INVOKING Berserk.
  2314 | D:3      | Killed Grinder
  2315 | D:3      | Reached skill level 6 in Fighting
  2315 | D:3      | Reached XP level 6. HP: 57/57 MP: 5/5
  2342 | D:3      | 2342 ||| Stepping ~*~*~tactically~*~*~ (stealth).
  2343 | D:3      | 2343 ||| Stepping ~*~*~tactically~*~*~ (stealth).
  2445 | D:3      | Found Amyl's General Store.
  2459 | D:3      | 2459 ||| SWAPPING to +0 war axe.
  2466 | D:3      | Found a snail-covered altar of Cheibriados.
  2469 | D:3      | 2469 ||| BUYING potion of haste (130 gold).
  2469 | D:3      | Bought a potion of haste for 130 gold pieces
  2469 | D:3      | 2469 ||| SHOPLISTING potion of heal wounds (65 gold, have
                  | 5).
  2477 | D:3      | Identified the +1 helmet of Domix {rElec Dex+2}
  2477 | D:3      | Noticed Robin
  2478 | D:3      | 2478 ||| FLEEEEING.
  2483 | D:3      | 2483 ||| FLEEEEING.
  2486 | D:3      | 2486 ||| INVOKING Berserk.
  2495 | D:3      | Killed Robin
  2680 | D:3      | Found Fylan's Magic Scroll Emporium.
  2688 | D:3      | 2688 ||| SHOPLISTING scroll of identify (24 gold, have 19).
  2688 | D:3      | 2688 ||| SHOPLISTING scroll of teleportation (36 gold, have
                  | 19).
  2694 | D:3      | 2694 ||| INVOKING Berserk.
  2699 | D:3      | Reached skill level 3 in Armour
  2826 | D:3      | Found Xougam's Antique Weapon Emporium.
  2841 | D:3      | 2841 ||| SHOPLISTING glowing hand axe (174 gold, have 19).
  2921 | D:3      | Reached XP level 7. HP: 63/63 MP: 6/6
  2965 | D:3      | Found Nuruh's Armour Shop.
  2971 | D:3      | 2971 ||| SHOPLISTING +0 plate armour (322 gold, have 19).
  2980 | D:3      | Reached *** piety under Trog
  2996 | D:3      | Found Cathretz's Antique Armour Emporium.
  3001 | D:3      | 3001 ||| SHOPLISTING +9 scales of the Dragon King {rPois
                  | rF+ rC+ Will+} (3369 gold, have 19).
  3283 | D:3      | 3283 ||| DRINKING 3 blue potions.
  3284 | D:3      | 3284 ||| DRINKING 2 grey potions.
  3285 | D:3      | 3285 ||| DRINKING 2 lumpy purple potions.
  3332 | D:3      | 3332 ||| DROPPING potion of magic.
  3333 | D:3      | 3333 ||| DROPPING potion of lignification.
  3372 | D:4      | 3372 ||| INVOKING Berserk.
  3486 | D:4      | Found a bloodstained altar of Trog.
  3519 | D:4      | 3519 ||| Stepping ~*~*~tactically~*~*~ (stealth).
  3522 | D:4      | 3522 ||| Stepping ~*~*~tactically~*~*~ (stealth).
  3534 | D:4      | 3534 ||| Stepping ~*~*~tactically~*~*~ (stealth).
  3539 | D:4      | 3539 ||| Stepping ~*~*~tactically~*~*~ (stealth).
  3540 | D:4      | 3540 ||| Stepping ~*~*~tactically~*~*~ (stealth).
  3549 | D:4      | 3549 ||| Stepping ~*~*~tactically~*~*~ (stealth).
  3550 | D:4      | 3550 ||| Stepping ~*~*~tactically~*~*~ (stealth).
  3578 | D:4      | 3578 ||| Stepping ~*~*~tactically~*~*~ (hiding).
  3594 | D:4      | 3594 ||| DRINKING 2 potions of curing.
  3594 | D:4      | 3594 ||| (to cure confusion)
  3689 | D:4      | Reached skill level 9 in Axes
  3738 | D:4      | Found a runed translucent door.
  3744 | D:4      | Noticed qw's ghost (amateur BaCK)
  3785 | D:4      | 3785 ||| Stepping ~*~*~tactically~*~*~ (stealth).
  3827 | D:4      | 3827 ||| INVOKING Berserk.
  3953 | D:4      | 3953 ||| Stepping ~*~*~tactically~*~*~ (stealth).
  4031 | D:4      | Found a glowing silver altar of Zin.
  4093 | D:4      | 4093 ||| INVOKING Berserk.
  4430 | D:4      | 4430 ||| Stepping ~*~*~tactically~*~*~ (hiding).
  4694 | D:4      | 4694 ||| Stepping ~*~*~tactically~*~*~ (hiding).
  4696 | D:4      | 4696 ||| Stepping ~*~*~tactically~*~*~ (hiding).
  4698 | D:4      | 4698 ||| Stepping ~*~*~tactically~*~*~ (hiding).
  4701 | D:4      | 4701 ||| INVOKING Berserk.
  4704 | D:4      | Reached skill level 1 in Throwing
  4954 | D:4      | 4954 ||| READING scroll labelled FISHRAL WYULA.
  4955 | D:4      | 4955 ||| READING scroll labelled HYASCH CEQOOTHRYBBA.
  4956 | D:4      | 4956 ||| DRINKING 2 murky inky potions.
  4957 | D:4      | 4957 ||| DROPPING potion of brilliance.
  4978 | D:5      | Entered Level 5 of the Dungeon
  4978 | D:5      | Found a blossoming altar of Fedhas.
  4978 | D:5      | Found a burning altar of Makhleb.
  4978 | D:5      | Found a shimmering altar of Xom.
  4986 | D:5      | Reached XP level 8. HP: 44/70 MP: 7/7
  4988 | D:5      | 4988 ||| INVOKING Berserk.
  4988 | D:5      | HP: 20/105 [killer bee (8)]
  4991 | D:5      | HP: 9/105 [killer bee (1)]
  4995 | D:5      | HP: 4/105 [poisoned by a killer bee]
  4997 | D:5      | 4997 ||| DRINKING potion of curing.
  4997 | D:5      | 4997 ||| (to cure poison)
  5385 | D:5      | Found a broken altar of Ashenzari.
  5687 | D:5      | Found a hide-covered altar of Uskayaw.
  5688 | D:5      | Noticed a +0 dagger
  5688 | D:5      | Noticed a +0 hand axe
  5759 | D:5      | 5759 ||| INVOKING Berserk.
  5888 | D:5      | 5888 ||| Stepping ~*~*~tactically~*~*~ (stealth).
  5917 | D:5      | Found an ancient bone altar of Kikubaaqudgha.
  5923 | D:5      | Found a radiant altar of Vehumet.
  5937 | D:5      | Found a shimmering blue altar of Sif Muna.
  5939 | D:5      | Reached **** piety under Trog
  5987 | D:5      | Found a staircase to the Ecumenical Temple.
  5999 | D:5      | Reached skill level 12 in Axes
  6167 | D:5      | 6167 ||| Stepping ~*~*~tactically~*~*~ (hiding).
  6174 | D:5      | 6174 ||| INVOKING Berserk.
  6184 | D:5      | Found the +1 Delatra's gloves {ID++}
  6342 | D:5      | 6342 ||| UPGRADING to +0 plate armour.
  6352 | D:5      | 6352 ||| DROPPING +0 chain mail.
  6353 | D:5      | 6353 ||| UPGRADING to +1 Delatra's gloves {ID++}.
  6363 | D:5      | 6363 ||| DROPPING +0 pair of gloves.
  6364 | D:5      | 6364 ||| READING scroll labelled FELOEM ANKADI.
  6365 | D:5      | 6365 ||| READING 4 scrolls of identify.
  6365 | D:5      | 6365 ||| IDENTIFYING sapphire potion
  6366 | D:5      | 6366 ||| READING 3 scrolls of identify.
  6366 | D:5      | 6366 ||| IDENTIFYING glowing emerald potion
  6367 | D:5      | 6367 ||| READING 2 scrolls of identify.
  6367 | D:5      | 6367 ||| IDENTIFYING fizzy coppery potion
  6444 | D:6      | Found a basalt altar of Yredelemnul.
  6485 | D:6      | Found Suacuil's Weapon Boutique.
  6497 | D:6      | 6497 ||| BUYING +1 broad axe of flaming (213 gold).
  6497 | D:6      | Bought a +1 broad axe of flaming for 213 gold pieces
  6497 | D:6      | 6497 ||| SWAPPING to +1 broad axe of flaming.
  6498 | D:6      | 6498 ||| DROPPING +3 hand axe of flaming.
  6499 | D:6      | 6499 ||| DROPPING +0 war axe.
  6526 | D:6      | 6526 ||| Stepping ~*~*~tactically~*~*~ (stealth).
  6531 | D:6      | 6531 ||| Stepping ~*~*~tactically~*~*~ (hiding).
  6533 | D:6      | 6533 ||| Stepping ~*~*~tactically~*~*~ (stealth).
  6551 | D:6      | 6551 ||| Stepping ~*~*~tactically~*~*~ (hiding).
  6555 | D:6      | 6555 ||| INVOKING Berserk.
  6557 | D:6      | Reached XP level 9. HP: 79/79 MP: 8/8
  6564 | D:6      | Reached skill level 6 in Armour
  6819 | D:6      | 6819 ||| Stepping ~*~*~tactically~*~*~ (stealth).
  6822 | D:6      | 6822 ||| INVOKING Berserk.
  6942 | D:6      | Found a shadowy altar of Dithmenos.
  6976 | D:6      | Found a runed translucent gate.
  6977 | D:6      | Found a runed translucent gate.
  6977 | D:6      | Found a runed translucent gate.
  6978 | D:6      | Noticed qw's ghost (novice MiBe)
  6978 | D:6      | Noticed qw's ghost (novice FoCA)
  7018 | D:6      | 7018 ||| Stepping ~*~*~tactically~*~*~ (hiding).
  7019 | D:6      | 7019 ||| Stepping ~*~*~tactically~*~*~ (hiding).
  7233 | D:6      | 7233 ||| READING 2 scrolls of identify.
  7233 | D:6      | 7233 ||| IDENTIFYING emerald potion
  7234 | D:6      | 7234 ||| DROPPING potion of attraction.
  7283 | D:7      | 7283 ||| Stepping ~*~*~tactically~*~*~ (stealth).
  7286 | D:7      | 7286 ||| Stepping ~*~*~tactically~*~*~ (stealth).
  7577 | D:7      | 7577 ||| INVOKING Berserk.
  7740 | D:7      | 7740 ||| Stepping ~*~*~tactically~*~*~ (hiding).
  7741 | D:7      | 7741 ||| INVOKING Berserk.
  7868 | D:7      | 7868 ||| INVOKING Berserk.
  8448 | D:8      | 8448 ||| Stepping ~*~*~tactically~*~*~ (stealth).
  8888 | D:8      | 8888 ||| Stepping ~*~*~tactically~*~*~ (stealth).
  8907 | D:8      | 8907 ||| Stepping ~*~*~tactically~*~*~ (stealth).
  8910 | D:8      | 8910 ||| INVOKING Berserk.
  8917 | D:8      | Noticed a purple ugly thing
  8922 | D:8      | Reached XP level 10. HP: 88/88 MP: 9/9
  8924 | D:8      | Reached skill level 3 in Dodging
  8931 | D:8      | Killed a purple ugly thing
  8934 | D:8      | 8934 ||| Stepping ~*~*~tactically~*~*~ (stealth).
  8940 | D:8      | 8940 ||| Stepping ~*~*~tactically~*~*~ (hiding).
  8946 | D:8      | HP: 21/88 [centaur/+0 rapier (2)]
  8947 | D:8      | 8947 ||| READING 4 scrolls of teleportation.
  8948 | D:8      | 8948 ||| DRINKING 2 potions of heal wounds.
  9149 | D:8      | 9149 ||| Stepping ~*~*~tactically~*~*~ (hiding).
  9151 | D:8      | 9151 ||| INVOKING Berserk.
  9154 | D:8      | Reached skill level 15 in Axes
  9157 | D:8      | 9157 ||| Stepping ~*~*~tactically~*~*~ (cloud).
  9401 | D:8      | 9401 ||| Stepping ~*~*~tactically~*~*~ (hiding).
  9492 | D:8      | Noticed Maurice
  9493 | D:8      | 9493 ||| Stepping ~*~*~tactically~*~*~ (stealth).
  9504 | D:8      | Paralysed by something for 3 turns
  9516 | D:8      | Paralysed by something for 3 turns
  9526 | D:8      | Paralysed by something for 3 turns
  9547 | D:8      | Killed Maurice
  9548 | D:8      | Reached skill level 9 in Fighting
  9942 | D:8      | 9942 ||| INVOKING Berserk.
 10074 | D:8      | 10074 ||| Stepping ~*~*~tactically~*~*~ (stealth).
 10076 | D:8      | 10076 ||| Stepping ~*~*~tactically~*~*~ (stealth).
 10257 | D:8      | 10257 ||| UPGRADING to +1 cloak.
 10267 | D:8      | 10267 ||| UPGRADING to +0 tower shield.
 10272 | D:8      | 10272 ||| DROPPING +0 cloak.
 10273 | D:8      | 10273 ||| READING scroll labelled UTAUMI RAVOA.
 10320 | D:9      | 10320 ||| DRINKING potion of cancellation.
 10321 | D:9      | 10321 ||| INVOKING Berserk.
 10323 | D:9      | Reached skill level 1 in Shields
 10593 | D:9      | 10593 ||| Stepping ~*~*~tactically~*~*~ (stealth).
 10595 | D:9      | 10595 ||| Stepping ~*~*~tactically~*~*~ (stealth).
 10598 | D:9      | 10598 ||| Stepping ~*~*~tactically~*~*~ (stealth).
 10608 | D:9      | Reached skill level 3 in Shields
 10618 | D:9      | 10618 ||| INVOKING Berserk.
 10982 | D:9      | Reached skill level 6 in Shields
 11159 | D:9      | 11159 ||| Stepping ~*~*~tactically~*~*~ (stealth).
 11516 | D:10     | Entered Level 10 of the Dungeon
 11605 | D:10     | 11605 ||| Stepping ~*~*~tactically~*~*~ (stealth).
 11608 | D:10     | 11608 ||| Stepping ~*~*~tactically~*~*~ (stealth).
 11616 | D:10     | Reached XP level 11. HP: 97/97 MP: 10/10
 11677 | D:10     | 11677 ||| Stepping ~*~*~tactically~*~*~ (stealth).
 11685 | D:10     | 11685 ||| INVOKING Berserk.
 11710 | D:10     | 11710 ||| Stepping ~*~*~tactically~*~*~ (stealth).
 11901 | D:10     | 11901 ||| INVOKING Berserk.
 11908 | D:10     | Reached skill level 9 in Shields
 12187 | D:10     | Found an ornate altar of the Wu Jian Council.
 12332 | D:10     | 12332 ||| Stepping ~*~*~tactically~*~*~ (stealth).
 12334 | D:10     | 12334 ||| Stepping ~*~*~tactically~*~*~ (stealth).
 12390 | D:10     | 12390 ||| Stepping ~*~*~tactically~*~*~ (hiding).
 12391 | D:10     | 12391 ||| Stepping ~*~*~tactically~*~*~ (hiding).
 12393 | D:10     | 12393 ||| Stepping ~*~*~tactically~*~*~ (hiding).
 12394 | D:10     | 12394 ||| Stepping ~*~*~tactically~*~*~ (hiding).
 12398 | D:10     | 12398 ||| Stepping ~*~*~tactically~*~*~ (stealth).
 12511 | D:10     | 12511 ||| Stepping ~*~*~tactically~*~*~ (stealth).
 12647 | D:10     | 12647 ||| Stepping ~*~*~tactically~*~*~ (hiding).
 12654 | D:10     | 12654 ||| Stepping ~*~*~tactically~*~*~ (hiding).
 12663 | D:10     | 12663 ||| FLEEEEING.
 12664 | D:10     | 12664 ||| FLEEEEING.
 12665 | D:10     | 12665 ||| FLEEEEING.
 12666 | D:10     | 12666 ||| FLEEEEING.
 12667 | D:10     | 12667 ||| FLEEEEING.
 12668 | D:10     | 12668 ||| FLEEEEING.
 12669 | D:10     | 12669 ||| FLEEEEING.
 12670 | D:10     | 12670 ||| FLEEEEING.
 12671 | D:10     | 12671 ||| FLEEEEING.
 12672 | D:10     | 12672 ||| FLEEEEING.
 12934 | D:10     | 12934 ||| INVOKING Berserk.
 12940 | D:10     | Reached ***** piety under Trog
 13034 | D:10     | 13034 ||| Stepping ~*~*~tactically~*~*~ (stealth).
 13273 | D:10     | 13273 ||| DROPPING scarf of invisibility.
 13274 | D:10     | 13274 ||| UPGRADING to ring of positive energy.
 13306 | D:10     | 13306 ||| Stepping ~*~*~tactically~*~*~ (stealth).
 13617 | D:11     | Noticed a tengu warrior
 13630 | D:11     | Killed a tengu warrior
 13633 | D:11     | 13633 ||| INVOKING Berserk.
 13940 | D:11     | 13940 ||| INVOKING Berserk.
 14087 | D:11     | Found a staircase to the Lair.
 14087 | D:11     | Noticed a two-headed ogre
 14089 | D:11     | 14089 ||| INVOKING Berserk.
 14091 | D:11     | Killed a two-headed ogre
 14092 | D:11     | Reached skill level 12 in Shields
 14278 | D:11     | 14278 ||| Stepping ~*~*~tactically~*~*~ (hiding).
 14283 | D:11     | 14283 ||| DRINKING 5 potions of curing.
 14283 | D:11     | 14283 ||| (to cure confusion)
 14287 | D:11     | 14287 ||| DRINKING 4 potions of curing.
 14287 | D:11     | 14287 ||| (to cure confusion)
 14319 | D:11     | 14319 ||| FLEEEEING.
 14320 | D:11     | 14320 ||| FLEEEEING.
 14321 | D:11     | 14321 ||| FLEEEEING.
 14322 | D:11     | 14322 ||| FLEEEEING.
 14323 | D:11     | 14323 ||| FLEEEEING.
 14324 | D:11     | 14324 ||| FLEEEEING.
 14327 | D:11     | 14327 ||| STAIRDANCE
 14385 | D:10     | 14385 ||| READING scroll labelled BULULO SOTHATA.
 14390 | D:11     | 14390 ||| STAIRDANCE
 14396 | D:11     | 14396 ||| STAIRDANCE
 14412 | D:11     | Noticed a sun demon
 14412 | D:11     | 14412 ||| INVOKING Brothers in Arms.
 14413 | D:11     | 14413 ||| INVOKING Berserk.
 14710 | D:11     | 14710 ||| PLANNING LAIR
 14768 | Lair:1   | Entered Level 1 of the Lair of Beasts
 14826 | Lair:1   | 14826 ||| INVOKING Berserk.
 14952 | Lair:1   | 14952 ||| INVOKING Berserk.
 15143 | Lair:1   | 15143 ||| INVOKING Berserk.
 15155 | Lair:1   | Reached XP level 12. HP: 105/105 MP: 11/11
 15316 | Lair:1   | 15316 ||| INVOKING Berserk.
 16084 | Lair:1   | 16084 ||| UPGRADING to ring of protection from cold.
 16120 | Lair:2   | 16120 ||| INVOKING Berserk.
 16233 | Lair:2   | Found a runed translucent gate.
 16233 | Lair:2   | Found a runed translucent gate.
 16384 | Lair:2   | Found a runed translucent gate.
 16386 | Lair:2   | Noticed qw's ghost (journeyman GrFi)
 16436 | Lair:2   | Found a staircase to the Snake Pit.
 16437 | Lair:2   | Found the +8 trident of the Octopus King {venom, rElec
                  | rPois}
 16448 | Lair:2   | 16448 ||| INVOKING Berserk.
 16451 | Lair:2   | HP: 33/157 [elephant (11)]
 16810 | Lair:2   | 16810 ||| Stepping ~*~*~tactically~*~*~ (stealth).
 16811 | Lair:2   | 16811 ||| Stepping ~*~*~tactically~*~*~ (stealth).
 16813 | Lair:2   | 16813 ||| INVOKING Berserk.
 17146 | Lair:2   | 17146 ||| READING scroll of enchant armour.
 17146 | Lair:2   | 17146 ||| ENCHANTING +1 cloak.
 17353 | Lair:3   | 17353 ||| INVOKING Berserk.
 17541 | Lair:3   | 17541 ||| Stepping ~*~*~tactically~*~*~ (stealth).
 17542 | Lair:3   | 17542 ||| Stepping ~*~*~tactically~*~*~ (stealth).
 17546 | Lair:3   | Reached skill level 9 in Armour
 17550 | Lair:3   | 17550 ||| Stepping ~*~*~tactically~*~*~ (stealth).
 17559 | Lair:3   | Noticed Josephine
 17560 | Lair:3   | 17560 ||| Stepping ~*~*~tactically~*~*~ (hiding).
 17561 | Lair:3   | 17561 ||| Stepping ~*~*~tactically~*~*~ (hiding).
 17572 | Lair:3   | 17572 ||| INVOKING Berserk.
 17575 | Lair:3   | Reached skill level 15 in Shields
 17576 | Lair:3   | Killed Josephine
 17580 | Lair:3   | Reached XP level 13. HP: 79/113 MP: 12/12
 17585 | Lair:3   | 17585 ||| Stepping ~*~*~tactically~*~*~ (stealth).
 17803 | Lair:3   | Found a staircase to the Swamp.
 17824 | Lair:3   | 17824 ||| INVOKING Berserk.
 17883 | Lair:3   | 17883 ||| Stepping ~*~*~tactically~*~*~ (stealth).
 17930 | Lair:3   | 17930 ||| INVOKING Berserk.
 17950 | Lair:3   | 17950 ||| Stepping ~*~*~tactically~*~*~ (stealth).
 17956 | Lair:3   | 17956 ||| INVOKING Brothers in Arms.
 18133 | Lair:3   | 18133 ||| INVOKING Berserk.
 18402 | Lair:3   | Reached skill level 18 in Axes
 18890 | Lair:3   | 18890 ||| DROPPING +1 pair of gloves.
 18891 | Lair:3   | 18891 ||| UPGRADING to +0 pair of boots.
 18896 | Lair:3   | 18896 ||| DROPPING ring of flight.
 18965 | Lair:4   | 18965 ||| Stepping ~*~*~tactically~*~*~ (stealth).
 18973 | Lair:4   | 18973 ||| INVOKING Berserk.
 19145 | Lair:4   | 19145 ||| FLEEEEING.
 19146 | Lair:4   | 19146 ||| FLEEEEING.
 19147 | Lair:4   | 19147 ||| FLEEEEING.
 19148 | Lair:4   | 19148 ||| FLEEEEING.
 19149 | Lair:4   | 19149 ||| FLEEEEING.
 19150 | Lair:4   | 19150 ||| FLEEEEING.
 19151 | Lair:4   | 19151 ||| FLEEEEING.
 19152 | Lair:4   | 19152 ||| FLEEEEING.
 19153 | Lair:4   | 19153 ||| FLEEEEING.
 19154 | Lair:4   | 19154 ||| FLEEEEING.
 19155 | Lair:4   | 19155 ||| FLEEEEING.
 19156 | Lair:4   | 19156 ||| FLEEEEING.
 19157 | Lair:4   | 19157 ||| FLEEEEING.
 19158 | Lair:4   | 19158 ||| FLEEEEING.
 19159 | Lair:4   | 19159 ||| FLEEEEING.
 19160 | Lair:4   | 19160 ||| STAIRDANCE
 19164 | Lair:4   | 19164 ||| INVOKING Berserk.
 19197 | Lair:4   | 19197 ||| STAIRDANCE
 19391 | Lair:4   | Identified the +11 long sword of Karma {spect, Dex+2}
 19414 | Lair:4   | 19414 ||| Stepping ~*~*~tactically~*~*~ (stealth).
 19417 | Lair:4   | 19417 ||| Stepping ~*~*~tactically~*~*~ (stealth).
 19420 | Lair:4   | 19420 ||| Stepping ~*~*~tactically~*~*~ (stealth).
 19551 | Lair:4   | 19551 ||| Stepping ~*~*~tactically~*~*~ (stealth).
 19564 | Lair:4   | 19564 ||| Stepping ~*~*~tactically~*~*~ (stealth).
 19566 | Lair:4   | 19566 ||| Stepping ~*~*~tactically~*~*~ (stealth).
 19567 | Lair:4   | 19567 ||| INVOKING Berserk.
 19703 | Lair:4   | 19703 ||| INVOKING Berserk.
 20292 | Lair:5   | Entered Level 5 of the Lair of Beasts
 20295 | Lair:5   | 20295 ||| Stepping ~*~*~tactically~*~*~ (stealth).
 20297 | Lair:5   | 20297 ||| INVOKING Berserk.
 20318 | Lair:5   | HP: 27/116 [yak (9)]
 20319 | Lair:5   | 20319 ||| READING 9 scrolls of teleportation.
 20320 | Lair:5   | 20320 ||| DRINKING 3 potions of heal wounds.
 20325 | Lair:5   | 20325 ||| DRINKING potion of cancellation.
 20696 | Lair:5   | 20696 ||| INVOKING Berserk.
 20952 | Lair:5   | 20952 ||| Stepping ~*~*~tactically~*~*~ (stealth).
 20954 | Lair:5   | 20954 ||| Stepping ~*~*~tactically~*~*~ (stealth).
 20970 | Lair:5   | 20970 ||| INVOKING Berserk.
 21326 | Lair:5   | 21326 ||| INVOKING Berserk.
 21439 | Lair:5   | 21439 ||| INVOKING Berserk.
 21446 | Lair:5   | Reached skill level 12 in Fighting
 21675 | Lair:5   | 21675 ||| Stepping ~*~*~tactically~*~*~ (hiding).
 21679 | Lair:5   | 21679 ||| Stepping ~*~*~tactically~*~*~ (stealth).
 21686 | Lair:5   | 21686 ||| INVOKING Berserk.
 21720 | Lair:5   | HP: 25/118 [boulder beetle (17)]
 21721 | Lair:5   | 21721 ||| READING 8 scrolls of teleportation.
 21722 | Lair:5   | 21722 ||| DRINKING 2 potions of heal wounds.
 21966 | Lair:5   | 21966 ||| Stepping ~*~*~tactically~*~*~ (stealth).
 21967 | Lair:5   | 21967 ||| Stepping ~*~*~tactically~*~*~ (stealth).
 21970 | Lair:5   | 21970 ||| INVOKING Berserk.
 22086 | Lair:5   | 22086 ||| INVOKING Berserk.
 22184 | Lair:5   | 22184 ||| INVOKING Berserk.
 22342 | Lair:5   | Reached XP level 14. HP: 126/126 MP: 13/13
 22385 | Lair:5   | 22385 ||| INVOKING Brothers in Arms.
 22388 | Lair:5   | 22388 ||| INVOKING Berserk.
 22506 | Lair:5   | Found a viscous altar of Jiyva.
 22506 | Lair:5   | Found a staircase to the Slime Pits.
 23080 | Lair:5   | 23080 ||| FLEEEEING.
 23081 | Lair:5   | 23081 ||| FLEEEEING.
 23082 | Lair:5   | 23082 ||| FLEEEEING.
 23083 | Lair:5   | 23083 ||| FLEEEEING.
 23086 | Lair:5   | 23086 ||| FLEEEEING.
 23087 | Lair:5   | 23087 ||| FLEEEEING.
 23088 | Lair:5   | 23088 ||| FLEEEEING.
 23089 | Lair:5   | 23089 ||| FLEEEEING.
 23090 | Lair:5   | 23090 ||| FLEEEEING.
 23091 | Lair:5   | 23091 ||| FLEEEEING.
 23092 | Lair:5   | 23092 ||| FLEEEEING.
 23093 | Lair:5   | 23093 ||| FLEEEEING.
 23251 | Lair:5   | 23251 ||| Stepping ~*~*~tactically~*~*~ (stealth).
 23289 | Lair:5   | 23289 ||| Stepping ~*~*~tactically~*~*~ (stealth).
 23295 | Lair:5   | 23295 ||| Stepping ~*~*~tactically~*~*~ (stealth).
 23309 | Lair:5   | 23309 ||| Stepping ~*~*~tactically~*~*~ (hiding).
 23310 | Lair:5   | 23310 ||| Stepping ~*~*~tactically~*~*~ (hiding).
 23371 | Lair:5   | 23371 ||| Stepping ~*~*~tactically~*~*~ (stealth).
 23377 | Lair:5   | 23377 ||| Stepping ~*~*~tactically~*~*~ (stealth).
 23379 | Lair:5   | 23379 ||| Stepping ~*~*~tactically~*~*~ (hiding).
 23390 | Lair:5   | 23390 ||| Stepping ~*~*~tactically~*~*~ (stealth).
 23395 | Lair:5   | 23395 ||| Stepping ~*~*~tactically~*~*~ (stealth).
 23404 | Lair:5   | 23404 ||| Stepping ~*~*~tactically~*~*~ (stealth).
 23422 | Lair:5   | 23422 ||| Stepping ~*~*~tactically~*~*~ (stealth).
 23461 | Lair:5   | 23461 ||| Stepping ~*~*~tactically~*~*~ (stealth).
 23505 | Lair:5   | Reached skill level 12 in Armour
 23511 | Lair:5   | 23511 ||| Stepping ~*~*~tactically~*~*~ (stealth).
 23791 | Lair:5   | 23791 ||| Stepping ~*~*~tactically~*~*~ (hiding).
 23913 | Lair:5   | Found a corrupted altar of Lugonu.
 23913 | Lair:5   | Found a one-way gate to the infinite horrors of the Abyss.
 24070 | Lair:5   | 24070 ||| PLANNING D
 24070 | Lair:5   | 24070 ||| DROPPING +1 cloak.
 24071 | Lair:5   | 24071 ||| DROPPING +1 cloak.
 24072 | Lair:5   | 24072 ||| UPGRADING to amulet of guardian spirit.
 24218 | D:12     | 24218 ||| INVOKING Berserk.
 24224 | D:12     | 24224 ||| STAIRDANCE
 24355 | D:12     | 24355 ||| DRINKING 5 potions of curing.
 24355 | D:12     | 24355 ||| (to cure confusion)
 24377 | D:12     | Found Fuckuc's Book Shop.
 24383 | D:12     | 24383 ||| INVOKING Brothers in Arms.
 24384 | D:12     | 24384 ||| INVOKING Berserk.
 24677 | D:12     | Found Kyj Qiom's Antique Armour Emporium.
 24755 | D:12     | 24755 ||| INVOKING Berserk.
 24763 | D:12     | 24763 ||| Stepping ~*~*~tactically~*~*~ (hiding).
 24766 | D:12     | 24766 ||| INVOKING Brothers in Arms.
 24943 | D:12     | Reached skill level 3 in Throwing
 25209 | D:12     | Found Kyfaggob's General Store.
 25210 | D:12     | 25210 ||| Stepping ~*~*~tactically~*~*~ (hiding).
 25212 | D:12     | 25212 ||| INVOKING Berserk.
 25345 | D:12     | 25345 ||| BUYING scroll of identify (26 gold).
 25345 | D:12     | Bought a scroll of identify for 26 gold pieces
 25355 | D:12     | 25355 ||| Stepping ~*~*~tactically~*~*~ (stealth).
 25358 | D:12     | 25358 ||| Stepping ~*~*~tactically~*~*~ (stealth).
 25360 | D:12     | 25360 ||| Stepping ~*~*~tactically~*~*~ (stealth).
 25364 | D:12     | 25364 ||| Stepping ~*~*~tactically~*~*~ (stealth).
 25369 | D:12     | 25369 ||| Stepping ~*~*~tactically~*~*~ (stealth).
 25380 | D:12     | 25380 ||| Stepping ~*~*~tactically~*~*~ (stealth).
 25381 | D:12     | 25381 ||| Stepping ~*~*~tactically~*~*~ (stealth).
 25408 | D:12     | 25408 ||| READING scroll of enchant weapon.
 25408 | D:12     | 25408 ||| ENCHANTING +1 broad axe of flaming.
 25434 | D:12     | Found a staircase to the Orcish Mines.
 25598 | D:12     | Found Eliczabi's Jewellery Emporium.
 25606 | D:12     | 25606 ||| BUYING +4 ring of evasion (504 gold).
 25606 | D:12     | Bought a +4 ring of evasion for 504 gold pieces
 25606 | D:12     | 25606 ||| BUYING +6 ring of strength (504 gold).
 25606 | D:12     | Bought a +6 ring of strength for 504 gold pieces
 25606 | D:12     | 25606 ||| SHOPLISTING amulet "Huruif" {Spirit Regen+} (518
                  | gold, have 101).
 25606 | D:12     | 25606 ||| SHOPLISTING amulet of regeneration (420 gold,
                  | have 101).
 25606 | D:12     | 25606 ||| SHOPLISTING ring of poison resistance (280 gold,
                  | have 101).
 25992 | D:12     | Identified the +5 shortbow of Kelunwio {vorpal, Will+ Int+4
                  | Dex+2}
 26036 | D:12     | 26036 ||| DROPPING ring of ice.
 26037 | D:12     | 26037 ||| UPGRADING to +4 ring of evasion.
 26039 | D:12     | 26039 ||| UPGRADING to +6 ring of strength.
 26041 | D:12     | 26041 ||| DROPPING ring of positive energy.
 26042 | D:12     | 26042 ||| DROPPING ring of protection from cold.
 26078 | D:13     | 26078 ||| STAIRDANCE
 26087 | D:13     | 26087 ||| STAIRDANCE
 26217 | D:13     | 26217 ||| INVOKING Brothers in Arms.
 26220 | D:13     | 26220 ||| INVOKING Berserk.
 26223 | D:13     | Reached skill level 6 in Dodging
 26352 | D:13     | 26352 ||| Stepping ~*~*~tactically~*~*~ (hiding).
 26415 | D:13     | 26415 ||| Stepping ~*~*~tactically~*~*~ (stealth).
 26417 | D:13     | 26417 ||| Stepping ~*~*~tactically~*~*~ (hiding).
 26433 | D:13     | 26433 ||| INVOKING Berserk.
 26467 | D:13     | 26467 ||| Stepping ~*~*~tactically~*~*~ (stealth).
 26468 | D:13     | 26468 ||| Stepping ~*~*~tactically~*~*~ (stealth).
 26526 | D:13     | 26526 ||| FLEEEEING.
 26680 | D:13     | Found a portal to a secret trove of treasure.
 26732 | D:13     | 26732 ||| Stepping ~*~*~tactically~*~*~ (hiding).
 26900 | D:13     | 26900 ||| Stepping ~*~*~tactically~*~*~ (stealth).
 26972 | D:13     | 26972 ||| Stepping ~*~*~tactically~*~*~ (hiding).
 26973 | D:13     | 26973 ||| Stepping ~*~*~tactically~*~*~ (hiding).
 27041 | D:13     | 27041 ||| Stepping ~*~*~tactically~*~*~ (hiding).
 27045 | D:13     | 27045 ||| INVOKING Brothers in Arms.
 27050 | D:13     | 27050 ||| INVOKING Berserk.
 27054 | D:13     | Reached XP level 15. HP: 138/138 MP: 9/14
 27058 | D:13     | Reached skill level 18 in Shields
 27565 | D:13     | 27565 ||| UPGRADING to ring of poison resistance.
 27567 | D:13     | 27567 ||| UPGRADING to +4 ring of evasion.
 27569 | D:13     | 27569 ||| READING scroll labelled HIXZID XUM ATE.
 27670 | D:13     | 27670 ||| READING scroll labelled GUIJUN IGUANI.
 27796 | D:14     | 27796 ||| INVOKING Berserk.
 28138 | D:14     | 28138 ||| INVOKING Berserk.
 28209 | D:14     | Noticed Frances
 28211 | D:14     | 28211 ||| Stepping ~*~*~tactically~*~*~ (hiding).
 28212 | D:14     | 28212 ||| Stepping ~*~*~tactically~*~*~ (hiding).
 28217 | D:14     | 28217 ||| INVOKING Berserk.
 28225 | D:14     | Killed Frances
 28226 | D:14     | Reached skill level 15 in Fighting
 28336 | D:14     | 28336 ||| Stepping ~*~*~tactically~*~*~ (stealth).
 28371 | D:14     | 28371 ||| Stepping ~*~*~tactically~*~*~ (stealth).
 28400 | D:14     | Identified the +3 war axe "Nopnaxue" {antimagic, Int+2}
 28402 | D:14     | 28402 ||| DROPPING +3 war axe "Nopnaxue" {antimagic,
                  | Int+2}.
 28782 | D:14     | 28782 ||| INVOKING Brothers in Arms.
 28783 | D:14     | 28783 ||| INVOKING Brothers in Arms.
 28784 | D:14     | 28784 ||| INVOKING Berserk.
 28912 | D:14     | Found a gate to the Vaults.
 29140 | D:14     | 29140 ||| Stepping ~*~*~tactically~*~*~ (cloud).
 29154 | D:14     | 29154 ||| Stepping ~*~*~tactically~*~*~ (cloud).
 29161 | D:14     | 29161 ||| Stepping ~*~*~tactically~*~*~ (cloud).
 29162 | D:14     | 29162 ||| INVOKING Berserk.
 29239 | D:14     | 29239 ||| Stepping ~*~*~tactically~*~*~ (stealth).
 29247 | D:14     | 29247 ||| INVOKING Berserk.
 29350 | D:14     | 29350 ||| READING scroll of enchant armour.
 29350 | D:14     | 29350 ||| ENCHANTING +0 pair of boots.
 29357 | D:14     | Identified the +10 rapier "Xiresh" {flame, rF+ SInv Stlth+}
 29371 | D:14     | Identified the +11 shortbow of Integrity {speed, Dex+4}
 29374 | D:14     | Identified the +2 quarterstaff of the Queen {freeze, *Noise
                  | rF+ Int+8 Stlth+}
 29380 | D:14     | 29380 ||| DROPPING ring of resist corrosion.
 29381 | D:14     | 29381 ||| READING 2 scrolls labelled ACKEQE UKHLACIU.
 29382 | D:14     | 29382 ||| READING scroll of brand weapon.
 29382 | D:14     | 29382 ||| BRANDING +2 broad axe of draining.
 29383 | D:14     | 29383 ||| READING 10 scrolls of identify.
 29383 | D:14     | 29383 ||| IDENTIFYING golden potion
 29384 | D:14     | 29384 ||| DROPPING potion of berserk rage.
 29435 | D:15     | Entered Level 15 of the Dungeon
 29687 | D:15     | 29687 ||| Stepping ~*~*~tactically~*~*~ (stealth).
 29689 | D:15     | 29689 ||| INVOKING Berserk.
 29701 | D:15     | HP: 51/211 [??? (42)]
 29704 | D:15     | HP: 22/211 [mirror damage (8)]
 29705 | D:15     | Killed by mirror damage

Levels and vault maps discovered:
D:1:      minmay_arrival_up_and_down, layout_rooms,
          hellmonk_ecumenical_altar_prayer_group, serial_bayou_lake_a
D:2:      layout_basic, basic_altar, uniq_sigmund
D:3:      layout_loops_ring, mainiacjoe_overflow_chevrons, serial_shops,
          nicolae_shop_hallway_plus, nicolae_diamond_shop, nicolae_square_shop,
          shop, shop, uniq_grinder, uniq_robin
D:4:      layout_basic, nicolae_overflow_crystal_walls,
          mainiacjoe_overflow_tiny_flanked, ebering_ghost_reflecting_pool
D:5:      layout_rooms, palyth_temple_overflow_mages, dancing_weapons_uskayaw,
          mainiacjoe_overflow_alcove_1,
          chequers_temple_overflow_statue_of_worship, minmay_temple_entry_mist,
          dreamdust_mushroom_princess, pf_guarded_unrand_delatra
D:6:      layout_cave_pools, lemuel_round_altar, kennysheep_little_box,
          serial_shops, shop, gammafunk_ghost_cemetery, minmay_manual_mares
D:7:      layout_loops_cross, hangedman_decor_lopped, serial_bayou_lagoon_a,
          kennysheep_generic_room_8
D:8:      layout_gridville, minmay_alternating_orb, uniq_maurice
D:9:      layout_basic, nicolae_underground_beach
D:10:     layout_loops_corners, mainiacjoe_overflow_cross_hatched, special_room
          [special_room_bee]
D:11:     layout_gridville, lair_entry_dummy, minivault_20
D:12:     minmay_mutant_horseshoe, layout_irregular_city, david_orc_4,
          serial_glass, glass_columns_b, glass_columns_a, serial_shops,
          nicolae_stop_n_shop_1, nicolae_shop_trees, shop, shop,
          chequers_serial_rivers_micro_b
D:13:     minmay_recursive_quarters, layout_irregular_city,
          nicolae_trove_entry_crossroad, serial_demonic, serial_demonic_b,
          serial_demonic_d, serial_demonic_g, serial_demonic_a,
          serial_demonic_g, feat_on_display
D:14:     giant_chief_lemuel, layout_long_grid, david_vaults_4,
          dk_noncrumbling_3, uniq_frances
D:15:     hangedman_depths_entry_try_elsewhere_first, layout_loops_ring,
          serial_shops, nicolae_diamond_shop, kennysheep_kite_vault
Lair:1:   layout_small_grid, grunt_forest_stairs_basic
Lair:2:   layout_roguey, minmay_snake_entry_guardpost_small,
          gammafunk_ghost_necromancy, infiniplex_staircase_pool_2,
          lemuel_fruit_tree
Lair:3:   layout_small_grid, minmay_swamp_entry_wisps,
          portal_ice_cave_entry_pillars_1, nicolae_lair_grove_arrangements,
          infiniplex_staircase_pool, serial_bayou_shore_b, uniq_josephine
Lair:4:   layout_cave_pods
Lair:5:   hellmonk_lair_end_abyssal_woods, layout_long_grid, slime_entry_1,
          kilobyte_rumbling_trees

Skill      XL: |  1  2  3  4  5  6  7  8  9 10 11 12 13 14 15 |
---------------+----------------------------------------------+-----
Axes           | 4 5 7 8 10 12 14 15 17 18 | 18.0
Fighting       | 6 7 8 9 10 12 14 15 | 15.4
Armour         | 3 5 7 9 11 12 14 | 14.0
Throwing       | 1 2 3 |  3.3
Dodging        | 3 4 6 |  6.1
Shields        | 6 13 15 16 17 18 | 18.8

Action                   |  1- 3 |  4- 6 |  7- 9 | 10-12 | 13-15 || total
-------------------------+-------+-------+-------+-------+-------++-------
Melee: Hand axe          |    97 |    30 |       |       |       ||   127
       Headbutt          |     9 |     7 |    39 |    87 |   201 ||   343
       Punch             |     1 |       |     2 |       |       ||     3
       War axe           |       |    26 |   160 |       |       ||   186
       Broad axe         |       |       |   102 |   487 |   858 ||  1447
Throw: Boomerang         |       |       |    88 |   104 |   184 ||   376
Invok: Berserk           |       |     4 |    13 |    20 |    31 ||    68
       Trog's Hand       |       |     1 |       |       |       ||     1
       Brothers in Arms  |       |       |       |     1 |     7 ||     8
  Use: Scroll            |     6 |     4 |     7 |     4 |     9 ||    30
       Potion            |     1 |     1 |     6 |     4 |     4 ||    16
 Stab: Distracted        |       |       |       |       |     2 ||     2
Armor: Chain mail        |    14 |    14 |    91 |       |       ||   119
       Animal skin       |     3 |       |       |       |       ||     3
       Plate armour      |       |       |    50 |   206 |   353 ||   609
Dodge: Dodged            |    33 |    18 |   104 |    94 |   157 ||   406
Block: Tower shield      |       |       |       |   314 |   711 ||  1025

Table legend:
 A = Non-vault XP
 B = Vault XP
 C = Vault XP percentage of total XP
 D = Non-vault monster count
 E = Vault monster count
 F = Vault count percentage of total count
                 A         B        C        D         E       F
            +---------+---------+-------+---------+---------+-------
      Total |   81682 |   52798 |  39.3 |     487 |     203 |  29.4
            +---------+---------+-------+---------+---------+-------
        D:1 |      68 |       2 |   2.9 |      35 |       1 |   2.8
        D:2 |      47 |     231 |  83.1 |      15 |       1 |   6.2
        D:3 |      77 |     319 |  80.6 |      12 |      12 |  50.0
        D:4 |     611 |       0 |   0.0 |      34 |       0 |   0.0
        D:5 |     922 |     329 |  26.3 |      25 |      14 |  35.9
        D:6 |     638 |     218 |  25.5 |      17 |       2 |  10.5
        D:7 |    1117 |      77 |   6.4 |      22 |       2 |   8.3
        D:8 |    1401 |    2513 |  64.2 |      24 |      15 |  38.5
        D:9 |    1967 |       0 |   0.0 |      27 |       0 |   0.0
       D:10 |    3404 |    1747 |  33.9 |      44 |      24 |  35.3
       D:11 |    3261 |    1193 |  26.8 |      22 |       2 |   8.3
       D:12 |    9534 |    3358 |  26.0 |      31 |      18 |  36.7
       D:13 |    5147 |    9264 |  64.3 |      14 |      20 |  58.8
       D:14 |    8396 |   14024 |  62.6 |      16 |      30 |  65.2
       D:15 |    1140 |    4826 |  80.9 |       2 |       9 |  81.8
     Lair:1 |    5942 |       0 |   0.0 |      18 |       0 |   0.0
     Lair:2 |    7357 |     639 |   8.0 |      26 |       4 |  13.3
     Lair:3 |    6410 |    2075 |  24.5 |      26 |       5 |  16.1
     Lair:4 |    6636 |       0 |   0.0 |      24 |       0 |   0.0
     Lair:5 |   17607 |   11983 |  40.5 |      53 |      44 |  45.4
            +---------+---------+-------+---------+---------+-------
